 Dungeon Crawl Stone Soup version 0.23.2 (webtiles) character file.

Game seed: 17531505087779329130

13873 Menchi the Fighter (level 12, -9/110 HPs)
             Began as a Ghoul Fighter on Apr 4, 2019.
             Was a Priest of Kikubaaqudgha.
             Mangled by a manticore (15 damage)
             ... on level 13 of the Dungeon.
             The game lasted 00:37:41 (9601 turns).

Menchi the Fighter (Ghoul Fighter)                  Turns: 9601, Time: 00:37:42

Health: -9/110     AC: 28    Str: 29    XL:     12   Next: 10%
Magic:  11/11      EV: 11    Int:  5    God:    Kikubaaqudgha [***...]
Gold:   972        SH:  4    Dex:  8    Spells: 11/11 levels left

rFire    + + .     SeeInvis .   p - +8 great mace of Tuoxis {elec, rC+ Str+6}
rCold    + + +     Gourm    .   (shield currently unavailable)
rNeg     + + +     Faith    .   B - +0 plate armour
rPois    ∞         Spirit   .   c - +1 helmet
rElec    +         Reflect  +   m - +2 cloak
rCorr    +         Harm     .   i - +2 pair of gloves
MR       .....                  k - +0 pair of boots of the Leaf {rF+}
Stlth    ..........             A - +4 amulet of reflection
HPRegen  0.00/turn              n - +3 ring of protection
MPRegen  0.12/turn              l - +3 ring of evasion

@: resistant, rotting
A: rotting body, claws 1, carnivore, cold resistance 1, negative energy
resistance 3, inhibited regeneration, torment resistance, unbreathing
a: Receive Corpses, Renounce Religion


You were on level 13 of the Dungeon.
You worshipped Kikubaaqudgha.
Kikubaaqudgha was most pleased with you.
You were not hungry.

You visited 2 branches of the dungeon, and saw 14 of its levels.
You also visited: Bailey.

You collected 972 gold pieces.

Inventory:

Hand Weapons
 p - the +8 great mace of Tuoxis (weapon) {elec, rC+ Str+6}
   (You found it on level 11 of the Dungeon)

   Occasionally, upon striking a foe, it will discharge some electrical energy
   and cause terrible harm.
   It affects your strength (+6).
   It protects you from cold.
 D - a +2 vampiric war axe
Armour
 c - a +1 helmet (worn)
 i - a +2 pair of gloves (worn)
 k - the +0 pair of boots of the Leaf (worn) {rF+}
   (You found it on level 6 of the Dungeon)

   It protects you from fire.
 m - a +2 cloak (worn)
 B - a +0 plate armour (worn)
Jewellery
 l - a +3 ring of evasion (right hand)
 n - a +3 ring of protection (left hand)
 A - a +4 amulet of reflection (around neck)
 C - an uncursed ring of protection from magic {unknown}
Wands
 o - a wand of digging (8)
 w - a wand of random effects (11)
 x - a wand of clouds (7)
 y - a wand of paralysis (5)
 H - a wand of disintegration (17)
Scrolls
 d - 2 scrolls of enchant armour
 e - 5 scrolls of identify
 j - 3 scrolls of teleportation
 s - 4 scrolls of remove curse
 t - a scroll of blinking
 v - 2 scrolls of noise {unknown}
 E - a scroll of enchant weapon
 F - 2 scrolls of torment
Potions
 b - a potion of resistance
 g - 2 potions of might
 q - a potion of cancellation {unknown}
 r - a potion of ambrosia {unknown}
 u - 2 potions of invisibility {unknown}
 z - a potion of agility
 G - a potion of haste {unknown}
Comestibles
 f - 30 rations


   Skills:
 * Level 11.2 Fighting
 * Level 11.1(11.4) Axes
   Level 3.9(8.2) Polearms
 * Level 9.9 Armour
 + Level 1.1 Dodging
   Level 2.6 Shields


You had 11 spell levels left.
You didn't know any spells.
Your spell library contained the following spells:

 Spells                   Type           Power        Failure   Level  Hunger
 Animate Skeleton         Necr           N/A          99%         1    ##.....
 Apportation              Tloc           #.....       99%         1    ##.....
 Confusing Touch          Hex            #.....       99%         1    ##.....
 Corona                   Hex            #......      99%         1    ##.....
 Flame Tongue             Conj/Fire      #....        99%         1    ##.....
 Pain                     Necr           #...         99%         1    ##.....
 Summon Small Mammal      Summ           #...         99%         1    ##.....
 Corpse Rot               Necr           N/A          99%         2    ###....
 Ensorcelled Hibernation  Hex/Ice        #.....       99%         2    ###....
 Throw Flame              Conj/Fire      #.....       99%         2    ###....
 Confuse                  Hex            #.......     100%        3    ####...
 Conjure Flame            Conj/Fire      #.......     100%        3    ####...
 Dazzling Spray           Conj/Hex       #.....       100%        3    ####...
 Inner Flame              Hex/Fire       #.......     100%        3    ####...
 Regeneration             Chrm/Necr      #.........   100%        3    ####...
 Tukima's Dance           Hex            #.......     100%        3    ####...
 Vampiric Draining        Necr           #.........   100%        3    ####...
 Animate Dead             Necr           N/A          100%        4    #####..
 Sticky Flame             Conj/Fire      #.......     100%        4    #####..
 Agony                    Necr           #.......     100%        5    ######.
 Borgnjor's Vile Clutch   Necr/Erth      #.........   100%        5    ######.
 Dispel Undead            Necr           #.......     100%        5    ######.
 Excruciating Wounds      Chrm/Necr      #.........   100%        5    ######.
 Fireball                 Conj/Fire      #.........   100%        5    ######.
 Simulacrum               Ice/Necr       #.........   100%        6    #######


Dungeon Overview and Level Annotations

Branches:
Dungeon (13/15)            Temple (1/1) D:5            Lair (0/6) D:9
    Orc (0/2) D:12
 Vaults: D:13-14

Altars:
Ashenzari
Cheibriados
Dithmenos
Elyvilon
Fedhas
Gozag
Hepliaklqana
Kikubaaqudgha
Makhleb
Nemelex Xobeh
Okawaru
Qazlal
Ru
Sif Muna
Trog
Uskayaw
Vehumet
Wu Jian
Xom
Yredelemnul
Zin
The Shining One

Shops:
D:7 ::::[

Annotations:
D:7 2 transporters, Menkaure
D:10 exclusions: ice statue and orange crystal statue


Innate Abilities, Weirdness & Mutations

Your body is rotting away.
You thrive on raw meat.
You are immune to poison.
You have sharp fingernails.
You are carnivorous and can eat meat at any time.
Your flesh is cold resistant. (rC+)
You are immune to negative energy. (rN+++)
You do not regenerate when monsters are visible.
You are immune to unholy pain and torment.
You can survive without breathing.


Message History

You must enter the number of times for the command to repeat.
You block the manticore's attack.
The manticore claws you but does no damage.
The manticore barely misses you.
You hit the manticore.
Lightning courses through the manticore!
The manticore is moderately wounded.
The manticore barely misses you. You block the manticore's attack.
The manticore claws you but does no damage.
You thump the manticore!
The manticore is heavily wounded.
The manticore bites you.
* * * LOW HITPOINT WARNING * * *
The manticore claws you but does no damage. x2
You closely miss the manticore.
The manticore is heavily wounded.
The manticore completely misses you. You block the manticore's attack.
The manticore misses you. The manticore bites you!
You die...
Kikubaaqudgha rasps: "You have failed me!
Welcome... oblivion!"

.5 ##.. ... ..#
§.# ..#
#.#######..#####
#.....H@........
#...............
################


You could see a manticore.

Vanquished Creatures
  Snorg (D:13)
  5 two-headed ogres
  Pikel (D:7)
  The ghost of iVAG the Destroyer, a novice DrCj of Qazlal (D:5)
  A cyclops (D:12)
  A manticore (D:12)
  Maurice (D:12)
  A gargoyle (D:8)
  A centaur skeleton (D:13)
  2 rime drakes (D:12)
  Grinder (D:4)
  2 hippogriffs
  A spriggan (D:7)
  A shadow (D:12)
  Eustachio (D:6)
  2 wyverns
  A hungry ghost (D:8)
  An acid dragon (D:11)
  A soldier ant (D:10)
  Duvessa (D:4)
  3 orc warriors
  2 sky beasts
  2 necrophages (D:10)
  3 ice beasts
  3 ogres
  4 phantoms
  4 centaurs
  A crocodile (D:9)
  A big kobold (D:11)
  9 bullfrogs
  Dowan (D:4)
  5 scorpions
  6 killer bees (D:12)
  6 howler monkeys
  A centaur zombie (D:5)
  A bullfrog zombie (D:8)
  4 jellies
  7 crimson imps
  6 hounds
  7 orc wizards
  9 orc priests
  3 iguanas
  Natasha (twice) (D:2)
  9 worker ants
  2 hound zombies
  2 hound skeletons
  10 gnolls
  A howler monkey skeleton (D:6)
  10 adders
  A shadow imp (D:3)
  An adder zombie (D:8)
  3 oozes
  An adder skeleton (D:6)
  A worm (D:2)
  A dart slug (D:3)
  2 leopard geckos
  38 orcs
  3 ball pythons
  6 giant cockroaches
  8 goblins
  4 hobgoblins
  14 jackals
  14 kobolds
  6 quokkas
  2 bats
  6 frilled lizards
  2 leopard gecko skeletons
  A quokka skeleton (D:8)
  3 rats
268 creatures vanquished.

Vanquished Creatures (others)
  A sky beast (D:8)
  2 slaves (D:7)
  An adder (D:7)
4 creatures vanquished.

Grand Total: 272 creatures vanquished

Notes
Turn   | Place    | Note
-------+----------+-------------------------------------------
     0 | D:1      | Menchi the Ghoul Fighter began the quest for the Orb.
     0 | D:1      | Reached XP level 1. HP: 19/19 MP: 0/0
   153 | D:1      | Reached XP level 2. HP: 21/26 MP: 1/1
   576 | D:2      | Reached XP level 3. HP: 14/32 MP: 2/2
   716 | D:2      | Reached XP level 4. HP: 36/40 MP: 3/3
   767 | D:2      | Noticed Natasha
   782 | D:2      | Killed Natasha
  1101 | D:2      | Noticed Natasha
  1108 | D:2      | Killed Natasha
  1108 | D:2      | Reached XP level 5. HP: 26/43 MP: 4/4
  1767 | D:3      | Reached XP level 6. HP: 53/53 MP: 5/5
  1978 | D:3      | Found a basalt altar of Yredelemnul.
  2029 | D:4      | Noticed Grinder
  2029 | D:4      | Paralysed by Grinder for 7 turns
  2040 | D:4      | Paralysed by Grinder for 2 turns
  2050 | D:4      | Killed Grinder
  2050 | D:4      | Reached skill level 5 in Axes
  2050 | D:4      | Reached XP level 7. HP: 57/60 MP: 6/6
  2307 | D:4      | Noticed Duvessa
  2307 | D:4      | Noticed Dowan
  2333 | D:4      | Killed Duvessa
  2333 | D:4      | Reached skill level 5 in Fighting
  2348 | D:4      | Killed Dowan
  2401 | D:4      | Reached XP level 8. HP: 61/69 MP: 7/7
  2456 | D:4      | You fall through a shaft for 3 floors!
  2498 | D:7      | Found a transporter.
  2614 | D:7      | Found Rukk's Book Emporium.
  2701 | D:7      | Found Uwyhu's Armour Boutique.
  2770 | D:7      | Found Axtiogg's Book Shoppe.
  2783 | D:7      | Found Naulin's Book Shop.
  2918 | D:7      | Noticed Pikel
  2928 | D:6      | Found a shimmering altar of Xom.
  2996 | D:6      | Reached skill level 1 in Polearms
  2996 | D:6      | Reached skill level 5 in Armour
  3085 | D:5      | Entered Level 5 of the Dungeon
  3129 | D:5      | Found a runed translucent door.
  3133 | D:5      | Noticed iVAG's ghost (novice DrCj)
  3189 | D:5      | Killed iVAG's ghost
  3189 | D:5      | Reached XP level 9. HP: 10/78 MP: 8/8
  3198 | D:5      | Found a runed translucent door.
  3417 | D:5      | Found a staircase to the Ecumenical Temple.
  3800 | Temple   | Entered the Ecumenical Temple
  3959 | Temple   | Became a worshipper of Kikubaaqudgha
  4139 | D:6      | Found a hazy altar of Hepliaklqana.
  4143 | D:6      | Got a pair of jewelled boots
  4149 | D:6      | Identified the +0 pair of boots of the Leaf {rF+} (You
                  | found it on level 6 of the Dungeon)
  4150 | D:6      | Found a blossoming altar of Fedhas.
  4540 | D:6      | Found a shattered altar of Ashenzari.
  4560 | D:6      | Noticed Eustachio
  4590 | D:6      | Killed Eustachio
  4884 | D:7      | Killed Pikel
  4895 | D:7      | Noticed Menkaure
  4987 | D:7      | Found a transporter.
  5022 | D:7      | Reached XP level 10. HP: 88/88 MP: 9/9
  5075 | D:7      | Found Doffexae's Book Boutique.
  5613 | D:8      | Reached * piety under Kikubaaqudgha
  5613 | D:8      | Identified Kikubaaqudgha's Papyrus of Evil (Kikubaaqudgha
                  | gifted it to you on level 8 of the Dungeon)
  5613 | D:8      | Received a gift from Kikubaaqudgha
  5902 | D:8      | Noticed a gargoyle
  5929 | D:8      | Killed a gargoyle
  6029 | D:8      | Found a burning altar of Makhleb.
  6593 | D:9      | Found a sparkling altar of Nemelex Xobeh.
  6807 | D:9      | Found a staircase to the Lair.
  7000 | D:10     | Entered Level 10 of the Dungeon
  7111 | D:10     | Noticed a two-headed ogre
  7122 | D:10     | Killed a two-headed ogre
  7219 | D:10     | Reached ** piety under Kikubaaqudgha
  7255 | D:10     | Noticed an orange crystal statue
  7323 | D:10     | Reached XP level 11. HP: 86/97 MP: 10/10
  7531 | D:10     | You fall through a shaft for 2 floors!
  7547 | D:11     | Reached skill level 10 in Axes
  7679 | D:11     | Noticed a two-headed ogre
  7699 | D:11     | Killed a two-headed ogre
  8133 | D:11     | Got a shimmering great mace
  8139 | D:11     | Identified the +8 great mace of Tuoxis {elec, rC+ Str+6}
                  | (You found it on level 11 of the Dungeon)
  8175 | D:11     | Reached *** piety under Kikubaaqudgha
  8175 | D:11     | Identified Kikubaaqudgha's Compendium of Dark Rituals
                  | (Kikubaaqudgha gifted it to you on level 11 of the Dungeon)
  8175 | D:11     | Received a gift from Kikubaaqudgha
  8643 | D:12     | Reached skill level 10 in Fighting
  8737 | D:12     | Found a staircase to the Orcish Mines.
  8737 | D:12     | Noticed a two-headed ogre
  8742 | D:12     | Killed a two-headed ogre
  8862 | D:12     | Noticed Maurice
  8863 | D:12     | Noticed a cyclops
  8870 | D:12     | Killed Maurice
  8874 | D:12     | Killed a cyclops
  8979 | D:12     | Noticed a manticore
  8984 | D:12     | Killed a manticore
  9432 | D:13     | Noticed Snorg
  9444 | D:13     | Killed Snorg
  9444 | D:13     | Reached skill level 1 in Dodging
  9484 | D:13     | Noticed a two-headed ogre
  9492 | D:13     | Killed a two-headed ogre
  9492 | D:13     | Reached XP level 12. HP: 45/110 MP: 11/11
  9496 | D:13     | Noticed a two-headed ogre
  9503 | D:13     | Killed a two-headed ogre
  9570 | D:13     | Found a flagged portal.
  9579 | D:13     | Noticed a centaur warrior
  9582 | Bailey   | Entered a bailey
  9587 | Bailey   | HP: 4/110 [orc warrior/bolt (15)]
  9592 | D:13     | HP: 3/110 [centaur/arrow[a centaur warrior] (1)]
  9592 | D:13     | Noticed a five-headed hydra
  9595 | D:13     | HP: 1/110 [centaur warrior/arrow (12)]
  9601 | D:13     | Mangled by a manticore

Skill      XL: |  1  2  3  4  5  6  7  8  9 10 11 |
---------------+----------------------------------+-----
Axes           | 2 3 4 5 6 7 8 9 11 | 11.1
Armour         | 3 4 5 7 8 9 |  9.9
Fighting       | 4 5 6 7 9 11 | 11.2
Polearms       | 2 3 |  3.9
Dodging        | 1 |  1.1
Shields        | |  2.6

Action                   |  1- 3 |  4- 6 |  7- 9 | 10-12 || total
-------------------------+-------+-------+-------+-------++-------
Melee: War axe           |    43 |   139 |    95 |   281 ||   558
       Trident           |       |       |   324 |   124 ||   448
       Great mace        |       |       |       |   130 ||   130
Invok: Receive Corpses   |       |       |       |     1 ||     1
  Use: Potion            |     1 |       |     1 |     4 ||     6
       Scroll            |       |     2 |    10 |     9 ||    21
  Eat: Chunk             |    11 |    21 |    52 |    61 ||   145
       Ration            |       |       |     1 |       ||     1
Armor: Scale mail        |    47 |    93 |   204 |       ||   344
       Plate armour      |       |       |   136 |   486 ||   622
Dodge: Dodged            |    31 |    66 |   183 |   345 ||   625
Block: Shield            |    32 |    11 |       |       ||    43
       Other             |       |       |       |   121 ||   121
       Reflection        |       |       |       |     7 ||     7
